 Dungeon Crawl Stone Soup version 0.31.0-11-ge490571c62 (webtiles) character file.

Game seed: 8969895879042864979

1718 browni3141 the Cutter (level 8, 0/59 (65) HPs)
             Began as a Demonspawn Cinder Acolyte on Jan 31, 2024.
             Was a High Priest of Ignis.
             Slain by a wight
             ... wielding a +2 trident of freezing
              (1 damage)
             ... on level 6 of the Dungeon.
             The game lasted 00:06:50 (4147 turns).

browni3141 the Cutter (Demonspawn Cinder Acolyte)   Turns: 4147, Time: 00:06:50

HP:   0/59 (65)     AC: 18    Str: 15    XL:     8   Next: 75%
MP:   9/9           EV:  9    Int: 17    God:    Ignis [*****.]
Gold: 358           SH:  5    Dex: 14    Spells: 7/9 levels left

rFire   + + +        t - +7 dagger of Peace {freeze, rF+ Stlth+}
rCold   . . .        (no shield)
rNeg    . . .        n - +0 scale mail {Will+}
rPois   .            (helmet restricted)
rElec   .            z - +0 cloak
rCorr   .            (no gloves)
SInv    .            (no boots)
Will    +....        v - amulet of reflection
Stlth   +            D - +6 ring of dexterity
HPRegen 0.29/turn    B - ring of protection from fire
MPRegen 0.11/turn

%: reflection
@: fiery-armoured, drained
A: antennae 2, yellow scales 2, powered by death 1
a: Renounce Religion, Fiery Armour, Foxfire Swarm


You were on level 6 of the Dungeon.
You worshipped Ignis.
Ignis was extremely pleased with you.
You visited 1 branch of the dungeon, and saw 7 of its levels.

You collected 358 gold pieces.

Inventory:

Hand Weapons
 a - a +0 short sword of electrocution
 b - a +0 sling
 h - a -1 mace of flaming
 t - the +7 dagger of Peace (weapon) {freeze, rF+ Stlth+}
   (You found it on level 3 of the Dungeon)

   rF+:       It protects you from fire.
   Stlth+:    It makes you more stealthy.
Missiles
 i - 3 boomerangs
Armour
 n - a +0 scale mail of willpower (worn)
 r - a +0 robe
 z - a +0 cloak (worn)
Jewellery
 v - an amulet of reflection (around neck)
 B - a ring of protection from fire (right hand)
 D - a +6 ring of dexterity (left hand)
Wands
 w - a wand of iceblast (2)
 A - a wand of flame (7)
Scrolls
 c - a scroll of brand weapon {unknown}
 e - 9 scrolls of identify {unknown}
 f - 2 scrolls of teleportation {unknown}
 k - 2 scrolls of enchant weapon {unknown}
 l - 2 scrolls of poison {unknown}
 o - 2 scrolls of noise {unknown}
 p - 2 scrolls of blinking {unknown}
 q - a scroll of immolation {unknown}
 u - a scroll of vulnerability {unknown}
 x - a scroll of revelation {unknown}
 y - a scroll of amnesia {unknown}
 C - a scroll of enchant armour {unknown}
Potions
 g - 2 potions of attraction {unknown}
 j - 3 potions of curing {unknown}
 m - a potion of ambrosia {unknown}
 s - a potion of invisibility {unknown}


   Skills:
 + Level 6.3 Fighting
 * Level 6.8 Short Blades
 - Level 3.0 Maces & Flails
 - Level 5.0 Armour
 - Level 1.3 Spellcasting
 - Level 2.8 Fire Magic


You had 7 spell levels left.
You knew the following spells:

 Your Spells              Type           Power      Damage    Failure   Level
a - Scorch                Fire           20%        2d5       34%         2

Your spell library contained the following spells:

 Spells                   Type           Power      Damage    Failure   Level
 Sandblast                Erth           2%         2d4       58%         1
 Passwall                 Erth           1%         N/A       92%         3
 Stone Arrow              Conj/Erth      2%         3d7       92%         3
 Brom's Barrelling Bould  Conj/Erth      1%         2d3       100%        4


Dungeon Overview and Level Annotations

Branches:
Dungeon (7/15)
 Temple: D:4-7

Altars:
Ashenzari
Fedhas
Nemelex Xobeh

Shops:
D:2 [

Annotations:
D:6 Jeremiah


Innate Abilities, Weirdness & Mutations

You have a pair of antennae on your head.
You are mostly covered in yellow scales. (AC +3)
You regenerate a little health from kills.


Message History

Unknown command.
Aiming: Throw Flame
Press: ? - help, Shift-Dir - straight line, f/p - wight
Aim: a wight, wielding a +2 trident of freezing and wearing a +0 robe (heavily damaged, 68% to hit)
The puff of flame hits the wight.
The wight is lightly damaged.
You closely miss the wight.
The wight is lightly damaged.
You block the wight's attack.
The wight hits you from afar with a +2 trident of freezing.
The wight freezes you.
You hit the wight.
The wight is moderately damaged.
The wight hits you but does no damage.
You closely miss the wight.
The wight is moderately damaged.
The wight barely misses you.
You hit the wight.
The wight is heavily damaged.
The wight hits you but does no damage. The wight misses you.
You hit the wight but do no damage.
The wight is heavily damaged.
You hit the wight but do no damage.
The wight is heavily damaged.
The wight hits you from afar with a +2 trident of freezing.
The wight freezes you.
You hit the wight.
The wight is almost destroyed.
The wight hits you with a +3 hand axe! The wight misses you.
You hit the wight but do no damage.
The wight is almost destroyed.
You block the wight's attack.
You barely miss the wight.
The wight is almost destroyed.
The wight closely misses you.
You puncture the wight!
You destroy the wight!
The wight hits you but does no damage.
Your life force feels restored.
The wight attacks as it pursues you! The wight hits you but does no damage.
The wight attacks as it pursues you! You block the wight's attack.
There is a fountain of clear blue water here.
There is a stone staircase leading up here.
You climb upwards.
Level annotation: Jeremiah
There is a stone staircase leading down here.
You start resting.
HP restored.
You climb downwards.
The wight hits you with a +2 trident of freezing.
You feel drained. The wight freezes you. The wight barely misses you. x2
There is a stone staircase leading up here.
HP restored.
The wight hits you with a +2 long sword.
The wight hits you with a +2 trident of freezing!
The wight freezes you.
You climb upwards.
Level annotation: Jeremiah
There is a stone staircase leading down here.
The wight attacks as it pursues you!
The wight hits you with a +2 long sword!
You block the wight's attack. The wight attacks as it pursues you!
The wight hits you but does no damage. The wight attacks as it pursues you!
The wight closely misses you.
Your life force is lightly drained.
Your movement speed is average.
Your attack delay is about 0.6.
Your damage rating with the +7 dagger of Peace {freeze, rF+ Stlth+} is about 12 (Base 4 x 110% (Dex) x 124% (Skill) + 7 (Ench)).
Your base attributes are Str 15, Int 17, Dex 8.
Unknown command.
You closely miss the wight.
The wight hits you with a +2 long sword.
You feel drained.
The wight hits you from afar with a +2 trident of freezing.
The wight freezes you.
A protective cloak of flame settles atop you.
The wight barely misses you. You block the wight's attack.
You hit the wight.
The wight is moderately damaged.
The wight completely misses you.
You barely miss the wight.
The wight is moderately damaged.
The wight barely misses you.
You hit the wight.
The wight is severely damaged.
The wight hits you with a +2 long sword!
You feel drained.
The wight is burned by your cloak of flames.
The wight is severely damaged.
The wight hits you from afar with a +2 trident of freezing!
You feel drained. The wight freezes you.
You are too injured to fight recklessly!
You are too injured to fight recklessly!
You hit the wight.
The wight is almost destroyed.
The wight hits you but does no damage.
The wight is burned by your cloak of flames.
You destroy the wight!
The wight hits you with a +2 trident of freezing.
You feel drained. The wight freezes you.
You die...

##.#....##.# #...#
##.... ##....#...#.#
#..## ##.....
#...........# #...
#...z.<
...........># .#
[..z...)
............# .####
..z.....
....>.......## ....#
........
#............### ...
.z......
##...##...##...###.#
...##.TY
###########...z@..#
... #... #...#####
.. #... #####


You could see a wight.

Vanquished Creatures
  Grinder (D:6)
  Sigmund (D:4)
  Eustachio (D:5)
  An ice beast (D:6)
  A black bear (D:5)
  An ogre (D:5)
  2 centaurs (D:6)
  A bullfrog (D:7)
  3 wights
  2 hounds (D:4)
  2 jellies
  Crazy Yiuf (D:4)
  An iguana (D:5)
  Natasha (thrice) (D:4)
  4 orc wizards (D:6)
  10 adders
  A white imp (D:7)
  3 dart slugs
  3 ribbon worms
  17 orcs
  6 ball pythons
  13 endoplasms
  8 giant cockroaches
  9 goblins
  4 hobgoblins
  8 jackals
  6 kobolds
  3 quokkas
  7 bats
  3 frilled lizards
  A rat (D:1)
127 creatures vanquished.

Vanquished Creatures (others)
  22 foxfires (D:6)
22 creatures vanquished.

Grand Total: 149 creatures vanquished

Notes
Turn   | Place    | Note
-------+----------+-------------------------------------------
     0 | D:1      | browni3141 the Demonspawn Cinder Acolyte began the quest
                  | for the Orb.
     0 | D:1      | Reached XP level 1. HP: 18/18 MP: 2/2
   281 | D:1      | Gained mutation: You regenerate a little health from kills.
                  | [demonic ancestry]
   281 | D:1      | Reached XP level 2. HP: 16/24 MP: 3/3
   578 | D:1      | Gained mutation: You are partially covered in yellow
                  | scales. (AC +2) [demonic ancestry]
   578 | D:1      | Reached XP level 3. HP: 27/29 MP: 4/4
   720 | D:2      | Reached skill level 1 in Short Blades
   751 | D:2      | Learned a level 2 spell: Scorch
   871 | D:2      | Gained mutation: You are mostly covered in yellow scales.
                  | (AC +3) [demonic ancestry]
   871 | D:2      | Reached XP level 4. HP: 34/37 MP: 5/5
   917 | D:2      | Found Lefept's Antique Armour Boutique.
  1105 | D:2      | Reached skill level 1 in Armour
  1308 | D:3      | Identified the +7 dagger of Peace {freeze, rF+ Stlth+}
  1412 | D:3      | Reached XP level 5. HP: 28/42 MP: 6/6
  1853 | D:4      | You fall into a shaft and drop 2 floors!
  1936 | D:6      | Noticed a centaur
  1948 | D:6      | Killed a centaur
  1949 | D:6      | Gained mutation: You have a pair of small antennae on your
                  | head. [demonic ancestry]
  1949 | D:6      | Reached XP level 6. HP: 38/48 MP: 7/7
  2074 | D:6      | Noticed Grinder
  2088 | D:6      | Killed Grinder
  2089 | D:6      | Reached XP level 7. HP: 42/55 MP: 8/8
  2141 | D:6      | Noticed Jeremiah
  2143 | D:5      | Entered Level 5 of the Dungeon
  2267 | D:5      | Found a sparkling altar of Nemelex Xobeh.
  2451 | D:5      | Found a blossoming altar of Fedhas.
  2611 | D:4      | Noticed Natasha
  2620 | D:4      | Killed Natasha
  2621 | D:4      | Reached skill level 5 in Fighting
  2649 | D:4      | Noticed Natasha
  2650 | D:4      | Found a broken altar of Ashenzari.
  2659 | D:4      | Killed Natasha
  2750 | D:4      | Noticed Natasha
  2755 | D:4      | Killed Natasha
  2832 | D:4      | Noticed Sigmund
  2845 | D:4      | Killed Sigmund
  2846 | D:4      | Reached skill level 5 in Short Blades
  2846 | D:4      | Gained mutation: You have a pair of antennae on your head.
                  | [demonic ancestry]
  2846 | D:4      | Reached XP level 8. HP: 45/62 MP: 9/9
  3064 | D:4      | Found a runed translucent door.
  3065 | D:4      | Noticed Crazy Yiuf
  3237 | D:4      | Killed Crazy Yiuf
  3344 | D:5      | Reached skill level 5 in Armour
  3575 | D:5      | Noticed Eustachio
  3592 | D:5      | Killed Eustachio
  3820 | D:6      | Noticed a troll
  4147 | D:6      | HP: 2/60 [wight/+2 trident of freezing (3)]
  4147 | D:6      | Slain by a wight

Illustrated notes

Levels and vault maps discovered:
D:1:      nagdon_arrival_double_spiral, layout_rooms, serial_glass,
          glass_columns_a, glass_columns_a, glass_columns_a, glass_columns_b,
          minmay_strange_pillars, due_unseen_surprise
D:2:      layout_basic, serial_shops, nicolae_shop_hallway_stairs
D:3:      layout_rooms
D:4:      layout_loops_ring, ashenzari_altar_1, uniq_crazy_yiuf_cottage,
          uniq_sigmund, uniq_natasha
D:5:      layout_rooms, mainiacjoe_overflow_two_lobes, uniq_eustachio
D:6:      layout_rooms, serial_library_hellmonk_hallway_a,
          serial_park_tiny_pond, kennysheep_path_1, uniq_jeremiah, uniq_grinder
D:7:      layout_layer_cave, general_overflow_altar,
          mainiacjoe_overflow_divided_tiny, minmay_temple_entry_large_hall,
          grunt_ministairs_5, minmay_bent

Skill      XL: |  1  2  3  4  5  6  7  8 |
---------------+-------------------------+-----
Maces & Flails | 3 |  3.0
Short Blades   | 1 2 3 4 5 6 |  6.8
Armour         | 1 2 3 4 5 |  5.0
Fighting       | 4 5 6 |  6.3
Spellcasting   | |  1.3
Fire Magic     | |  2.8

Action                     |  1- 3 |  4- 6 |  7- 9 || total
---------------------------+-------+-------+-------++-------
  Melee: Mace              |    31 |       |       ||    31
         Short sword       |    76 |    65 |       ||   141
         Punch             |     4 |     1 |     1 ||     6
         Dagger            |       |    94 |   184 ||   278
   Fire: Sling             |       |     9 |       ||     9
  Throw: Javelin           |       |     2 |     5 ||     7
 Invoke: Foxfire Swarm     |       |     1 |       ||     1
         Rising Flame      |       |       |     1 ||     1
         Fiery Armour      |       |       |     1 ||     1
  Evoke: Wand              |       |       |     8 ||     8
 Armour: Robe              |    44 |       |       ||    44
         Scale mail        |    14 |   127 |   118 ||   259
  Dodge: Dodged            |    58 |    79 |    55 ||   192
  Block: Other             |       |     7 |    35 ||    42
         Reflection        |       |       |     1 ||     1
